 Dungeon Crawl Stone Soup version 0.30-a0-1016-gfb0d676c02 (webtiles) character file.

Game seed: 8506091857824313419

51344 jasper the Brawler (level 14, -9/115 HPs)
             Began as a Demonspawn Cinder Acolyte on Apr 5, 2023.
             Was an Elder of Ignis.
             Mangled by a polar bear (18 damage)
             ... on level 5 of the Lair of Beasts on Apr 6, 2023.
             The game lasted 00:28:09 (20784 turns).

jasper the Brawler (Demonspawn Cinder Acolyte)     Turns: 20784, Time: 00:28:10

Health: -9/115     AC: 19    Str: 18    XL:     14   Next: 23%
Magic:  0/15       EV: 10    Int: 17    God:    Ignis [****..]
Gold:   965        SH:  9    Dex:  9    Spells: 1/15 levels left

rFire   + . .      SeeInvis .      - Unarmed
rCold   + . .      Faith    .    N - +0 buckler
rNeg    . . .      Spirit   +    E - +1 acid dragon scales
rPois   +          Reflect  +    v - +0 helmet
rElec   .          Rampage  .    (no cloak)
rCorr   +                        (gloves unavailable)
Will    +....                    c - +0 pair of boots
Stlth   +                        H - amulet of reflection
HPRegen 2.39/turn                D - ring of poison resistance
MPRegen 0.28/turn                f - ring of protection from cold

@: sanguine armoured
A: claws 3, powered by death 1, magic shield, magic regeneration, magic link,
sanguine armour 2
a: Renounce Religion, Fiery Armour, Foxfire Swarm, Rising Flame


You were on level 5 of the Lair of Beasts.
You worshipped Ignis.
Ignis was greatly pleased with you.
You visited 3 branches of the dungeon, and saw 17 of its levels.

You collected 1082 gold pieces.
You spent 117 gold pieces at shops.

Inventory:

Hand Weapons
 a - a +0 hand axe of flaming
 F - a +0 club
Missiles
 g - 17 poisoned darts
 o - 126 stones
 y - 5 boomerangs (quivered)
 A - 2 throwing nets
Armour
 b - a +0 robe
 c - a +0 pair of boots (worn)
 e - a +0 chain mail
 l - a +0 scale mail
 v - a +0 helmet (worn)
 E - +1 acid dragon scales (worn)
 N - a +0 buckler (worn)
Jewellery
 f - a ring of protection from cold (right claw)
 i - a ring of wizardry
 s - a ring of protection from fire
 u - a ring of see invisible
 D - a ring of poison resistance (left claw)
 H - an amulet of reflection (around neck)
 I - a ring of fire
 M - a ring of wizardry
 P - a ring of ice
Wands
 n - a wand of charming (19)
 p - a wand of polymorph (21)
 r - a wand of digging (7)
 K - a wand of flame (1)
Scrolls
 j - 7 scrolls of teleportation
 t - 3 scrolls of poison
 C - a scroll of fear
 R - a scroll of enchant armour
 T - a scroll of amnesia
Potions
 d - a potion of curing
 h - 2 potions of invisibility
 m - 2 potions of cancellation
 q - 2 potions of mutation
 w - 3 potions of haste
 x - 2 potions of resistance
 z - 2 potions of flight
 B - 2 potions of brilliance {unknown}
 J - a potion of ambrosia {unknown}
 L - 2 potions of attraction {unknown}
 Q - 6 potions of lignification {unknown}
 S - 2 potions of berserk rage
Miscellaneous
 O - a lightning rod (inert)


   Skills:
 - Level 12.0 Fighting
 - Level 3.0 Axes
 - Level 5.0 Armour
 - Level 4.0 Shields
 - Level 15.0 Unarmed Combat
 - Level 1.0 Spellcasting
 + Level 3.6 Necromancy
 + Level 2.7 Translocations
 + Level 7.8 Transmutations
 - Level 2.6 Fire Magic
 + Level 3.1 Air Magic
 - Level 6.0 Evocations


You had one spell level left.
You knew the following spells:

 Your Spells              Type           Power      Damage    Failure   Level
a - Sublimation of Blood  Necr           13%        N/A       12%         2
b - Storm Form            Tmut/Air       9%         N/A       100%        7
c - Swiftness             Air            11%        N/A       30%         3
d - Blink                 Tloc           20%        N/A       17%         2

Your spell library contained the following spells:

 Spells                   Type           Power      Damage    Failure   Level
 Sting                    Tmut/Pois      56%        1d5       8%          1
 Shock                    Conj/Air       24%        1d4       19%         1
 Lesser Beckoning         Tloc           20%        N/A       17%         2
 Scorch                   Fire           18%        2d5       19%         2
 Cigotuvi's Dreadful Rot  Necr/Pois/Air  16%        N/A       22%         2
 Ignite Poison            Fire/Tmut/Pois 12%        N/A       26%         3
 Poisonous Vapours        Pois/Air       12%        N/A       28%         2
 Momentum Strike          Conj/Tloc      10%        3d8       30%         2
 Ice Form                 Ice/Tmut       14%        N/A       58%         4
 Petrify                  Tmut/Erth      14%        N/A       58%         4
 Dispel Undead            Necr           13%        3d9       63%         4
 Airstrike                Air            5%         2d(1-17)  69%         4
 Ozocubu's Armour         Ice            0%         N/A       71%         3
 Stone Arrow              Conj/Erth      0%         3d7       71%         3
 Manifold Assault         Tloc           10%        N/A       75%         4
 Irradiate                Conj/Tmut      7%         3d14      90%         5
 Animate Armour           Summ/Erth      0%         N/A       98%         4
 Olgreb's Toxic Radiance  Pois           0%         N/A       98%         4
 Summon Ice Beast         Ice/Summ       0%         N/A       98%         4
 Freezing Cloud           Conj/Ice/Air   2%         6-21      100%        5
 Summon Mana Viper        Hex/Summ       0%         N/A       100%        5
 Death Channel            Necr           6%         N/A       100%        6
 Monstrous Menagerie      Summ           0%         N/A       100%        7
 Ozocubu's Refrigeration  Ice            0%         4d7       100%        7
 Lehudib's Crystal Spear  Conj/Erth      0%         10d2      100%        8


Dungeon Overview and Level Annotations

Branches:
Dungeon (11/15)            Temple (1/1) D:5            Lair (5/5) D:9
  Swamp (0/4) Lair:3        Snake (0/4) Lair:3        Slime (0/5) Lair:5
    Orc (0/2) D:9

Altars:
Ashenzari
Cheibriados
Dithmenos
Fedhas
Kikubaaqudgha
Nemelex Xobeh
Okawaru
Qazlal
Sif Muna
Trog

Shops:
D:6 (   D:9 ([((   D:11 *

Annotations:
D:8 exclusion: downstairs
D:10 1 transporter
Lair:3 exclusion: oklob plant
Lair:5 1 runed translucent door


Innate Abilities, Weirdness & Mutations

You have claws for hands.
You regenerate a little health from kills.
When hurt, damage is shared between your health and your magic reserves.
You regenerate magic rapidly.
When low on magic, you restore magic in place of health.
When seriously injured, your blood forms thick armour. (AC +9)


Message History

You regained 2 mp, and now have 8/15 mp.
You scratch the polar bear.
The polar bear is severely wounded.
The polar bear bites you.
* * * LOW HITPOINT WARNING * * *
The polar bear closely misses you.
The polar bear claws you but does no damage.
You now have 7/15 mp.
You scratch the polar bear.
The polar bear is severely wounded.
The manticore misses you.
The manticore claws you but does no damage.
You block the manticore's attack.
The polar bear bites you but does no damage.
The polar bear claws you.
* * * LOW HITPOINT WARNING * * *
You block the polar bear's attack.
You now have 6/15 mp.
You barely miss the polar bear.
The polar bear is severely wounded.
The polar bear misses you. You block the polar bear's attack.
The polar bear closely misses you. The manticore bites you.
* * * LOW HITPOINT WARNING * * *
The manticore claws you but does no damage.
The manticore misses you.
You take 1 damage, and have 13/115 hp.
You now have 5/15 mp.
You scratch the polar bear but do no damage.
The polar bear is severely wounded.
The polar bear bites you!
* * * LOW HITPOINT WARNING * * *
The polar bear claws you but does no damage.
The polar bear closely misses you. The manticore barely misses you.
You block the manticore's attack. The manticore barely misses you.
You take 6 damage, and have 7/115 hp.
You now have 4/15 mp.
As you read the scroll of fear, it crumbles to dust.
You assume a fearsome visage.
The black bear looks frightened! x2
The polar bear looks frightened!
The manticore looks frightened!
The polar bear is unaffected.
The black bear looks frightened!
The polar bear looks frightened!
The polar bear bites you!!
You die...

..P..P###### .P..P##
....## # P...#### ##.##
# ...#...########
#P#..#.#
.P#.....#.#.#.##.#...?#
P#...........†#.#hh..###
####...#.....†..#hhh....
####.#...#..†@#
#######..##Hh/.# #..#
###.... ....# .. ....##
....## #.##


You could see a manticore (fleeing), 3 polar bears and 3 black bears.

Vanquished Creatures
  6 hydras
  A catoblepas (Lair:3)
  A centaur warrior (D:11)
  A boulder beetle (D:11)
  5 death yaks
  2 skysharks
  A bog body (Lair:3)
  3 elephants (Lair:2)
  A black mamba (Lair:4)
  An unseen horror (D:11)
  7 cane toads
  A torpor snail (Lair:5)
  2 kobold demonologists (D:9)
  3 rime drakes
  5 komodo dragons
  7 polar bears
  3 trolls (D:9)
  A raiju (Lair:5)
  15 blink frogs
  6 dream sheep (Lair:4)
  4 wyverns
  2 wraiths
  42 yaks
  2 basilisks
  A steam dragon (D:9)
  6 wargs
  2 acid dragons
  3 nagas (Lair:3)
  4 hell hounds (Lair:5)
  11 water moccasins
  2 orc warriors (D:10)
  A sky beast (D:6)
  10 black bears
  2 ogres
  An ice beast (D:6)
  9 wolves (Lair:5)
  2 kobold brigands
  A scorpion (D:5)
  4 bullfrogs
  9 wights
  5 killer bees (D:7)
  A howler monkey (D:6)
  A hound (D:4)
  6 orc priests
  2 jellies
  A gnoll bouda (D:5)
  A sleepcap (D:5)
  4 iguanas
  8 orc wizards
  11 gnolls
  6 adders
  2 ufetubi
  A worm (D:5)
  3 dart slugs
  36 orcs
  9 ball pythons
  4 endoplasms
  7 giant cockroaches
  11 goblins
  4 hobgoblins
  4 quokkas
  3 training dummies (D:6)
  4 frilled lizards
  10 kobolds
  7 rats
341 creatures vanquished.

Vanquished Creatures (collateral kills)
  A wyvern (D:9)
1 creature vanquished.

Vanquished Creatures (others)
  A two-headed ogre (D:9)
  A bush (Lair:3)
  18 fungi
  56 plants
76 creatures vanquished.

Grand Total: 418 creatures vanquished

Notes
Turn   | Place    | Note
-------+----------+-------------------------------------------
     0 | D:1      | jasper the Demonspawn Cinder Acolyte began the quest for
                  | the Orb.
     0 | D:1      | Reached XP level 1. HP: 18/18 MP: 2/2
     0 | D:1      | Upgraded the game from 0.30-a0-1008-g30c9307041 to
                  | 0.30-a0-1016-gfb0d676c02
   173 | D:1      | Gained mutation: You have sharp fingernails. [demonic
                  | ancestry]
   173 | D:1      | Reached XP level 2. HP: 20/24 MP: 3/3
   434 | D:1      | Reached skill level 1 in Unarmed Combat
   462 | D:1      | Reached skill level 1 in Armour
   549 | D:1      | Gained mutation: You regenerate a little health from kills.
                  | [demonic ancestry]
   549 | D:1      | Reached XP level 3. HP: 28/29 MP: 4/4
  1231 | D:2      | Identified the +0 ring mail of the Cobbler {Dex+4}
  2002 | D:3      | Gained mutation: When seriously injured, your blood forms
                  | armour. (AC +9) [demonic ancestry]
  2002 | D:3      | Reached XP level 4. HP: 35/35 MP: 5/5
  2051 | D:3      | Reached skill level 2 in Unarmed Combat
  2230 | D:3      | Found a blossoming altar of Fedhas.
  2637 | D:4      | Noticed an ogre
  2659 | D:4      | Killed an ogre
  2660 | D:4      | Reached skill level 3 in Unarmed Combat
  2660 | D:4      | Gained mutation: You regenerate magic rapidly. [demonic
                  | ancestry]
  2660 | D:4      | Reached XP level 5. HP: 40/42 MP: 6/6
  2888 | D:4      | Reached XP level 6. HP: 27/48 MP: 7/7
  3595 | D:5      | Entered Level 5 of the Dungeon
  3984 | D:6      | Noticed a wraith
  4004 | D:6      | Killed a wraith
  4005 | D:6      | Reached skill level 4 in Unarmed Combat
  4034 | D:6      | Reached XP level 7. HP: 40/55 MP: 8/8
  4455 | D:6      | Found Umimm's Firing Range.
  4494 | D:6      | Reached skill level 5 in Fighting
  4494 | D:6      | Reached skill level 5 in Unarmed Combat
  4505 | D:6      | Bought 2 throwing nets for 78 gold pieces
  4505 | D:6      | Bought a throwing net for 39 gold pieces
  5028 | D:7      | Gained mutation: When seriously injured, your blood forms
                  | thick armour. (AC +9) [demonic ancestry]
  5028 | D:7      | Reached XP level 8. HP: 63/63 MP: 9/9
  5185 | D:7      | Reached skill level 6 in Unarmed Combat
  6066 | D:8      | HP: 3/64 [acid dragon/splash of acid (33)]
  6352 | D:8      | Reached skill level 7 in Unarmed Combat
  6515 | D:8      | Reached skill level 5 in Armour
  6605 | D:8      | Found a broken altar of Ashenzari.
  6605 | D:8      | Found an ancient bone altar of Kikubaaqudgha.
  6654 | D:8      | Found a flagged portal.
  7518 | D:9      | Found Ommotyeg's Weapon Shop.
  7623 | D:9      | Found Addisups's Weapon Boutique.
  7705 | D:9      | Reached XP level 9. HP: 35/71 MP: 10/10
  7812 | D:9      | Found a staircase to the Orcish Mines.
  7867 | D:9      | Reached skill level 8 in Unarmed Combat
  8049 | D:9      | Found a staircase to the Lair.
  8049 | D:9      | Noticed a two-headed ogre
  8134 | D:9      | Found Kuher's Weapon Emporium.
  8202 | D:9      | Found a snail-covered altar of Cheibriados.
  8225 | D:9      | Noticed a troll
  8230 | D:9      | Noticed a troll
  8242 | D:9      | Killed a troll
  8324 | D:9      | Killed a troll
  8325 | D:9      | Reached skill level 9 in Unarmed Combat
  8423 | D:9      | Noticed a troll
  8435 | D:9      | Killed a troll
  8440 | D:9      | Noticed a four-headed hydra
  8595 | D:8      | Found a shimmering blue altar of Sif Muna.
  8892 | D:5      | Found a staircase to the Ecumenical Temple.
  9384 | D:5      | Gained mutation: You have very sharp fingernails. [demonic
                  | ancestry]
  9384 | D:5      | Reached XP level 10. HP: 62/80 MP: 11/11
  9661 | D:5      | Reached skill level 10 in Unarmed Combat
  9953 | Temple   | Entered the Ecumenical Temple
 10198 | D:9      | Found Iwuaboall's Armour Shoppe.
 10217 | D:10     | Entered Level 10 of the Dungeon
 10498 | D:10     | Reached skill level 1 in Shields
 10885 | D:10     | Found a transporter.
 10953 | D:10     | Got the Octavo of Glowing Contaminants
 11603 | D:11     | Found Latorore's Assorted Antiques.
 11815 | D:11     | Reached skill level 11 in Unarmed Combat
 11946 | D:11     | Noticed a boulder beetle
 11959 | D:11     | Killed a boulder beetle
 12067 | D:11     | Noticed a centaur warrior
 12073 | D:11     | Killed a centaur warrior
 12074 | D:11     | Reached XP level 11. HP: 49/89 MP: 12/12
 12377 | D:11     | Noticed a seven-headed hydra
 12384 | D:11     | Killed a seven-headed hydra
 12707 | D:9      | Killed a four-headed hydra
 12708 | D:9      | Reached skill level 12 in Unarmed Combat
 13048 | D:9      | Noticed a sixfirhy
 13313 | D:9      | Reached skill level 10 in Fighting
 13351 | D:9      | Found a stormy altar of Qazlal.
 13351 | D:9      | Found an iron altar of Okawaru.
 13359 | D:9      | Found a bloodstained altar of Trog.
 13361 | D:9      | Found a sparkling altar of Nemelex Xobeh.
 13363 | D:9      | Found a shadowy altar of Dithmenos.
 13485 | D:9      | Found the +1 robe of Vines {NoPotionHeal Regen++++}
 13595 | Lair:1   | Entered Level 1 of the Lair of Beasts
 14409 | Lair:2   | Reached skill level 13 in Unarmed Combat
 15282 | Lair:2   | Noticed a death yak
 15282 | Lair:2   | Noticed a death yak
 15303 | Lair:2   | Noticed a death yak
 15306 | Lair:2   | Noticed a death yak
 15309 | Lair:2   | Killed a death yak
 15323 | Lair:2   | Killed a death yak
 15324 | Lair:2   | Gained mutation: When hurt, damage is shared between your
                  | health and your magic reserves. [demonic ancestry]
 15324 | Lair:2   | Reached XP level 12. HP: 30/100 MP: 13/13
 15337 | Lair:2   | Killed a death yak
 15340 | Lair:2   | Killed a death yak
 15953 | Lair:3   | Noticed a catoblepas
 15983 | Lair:3   | Killed a catoblepas
 16089 | Lair:3   | Reached skill level 14 in Unarmed Combat
 16228 | Lair:3   | Learned a level 2 spell: Sublimation of Blood
 16236 | Lair:3   | Learned a level 7 spell: Storm Form
 16367 | Lair:3   | Learned a level 3 spell: Swiftness
 16589 | Lair:3   | Gained mutation: You have claws for hands. [demonic
                  | ancestry]
 16589 | Lair:3   | Reached XP level 13. HP: 34/107 MP: 3/14
 16814 | Lair:3   | Found a staircase to the Snake Pit.
 17044 | Lair:3   | Found a staircase to the Swamp.
 17940 | Lair:4   | Reached skill level 15 in Unarmed Combat
 17987 | Lair:4   | Reached skill level 1 in Evocations
 18861 | Lair:4   | Reached skill level 5 in Evocations
 19197 | Lair:5   | Entered Level 5 of the Lair of Beasts
 19491 | Lair:5   | Learned a level 2 spell: Blink
 19523 | Lair:5   | Reached skill level 1 in Necromancy
 19523 | Lair:5   | Reached skill level 1 in Air Magic
 19671 | Lair:5   | Gained mutation: When low on magic, you restore magic in
                  | place of health. [demonic ancestry]
 19671 | Lair:5   | Reached XP level 14. HP: 65/115 MP: 10/15
 19689 | Lair:5   | Reached skill level 1 in Translocations
 19932 | Lair:5   | Found a runed translucent door.
 19933 | Lair:5   | Found a staircase to the Slime Pits.
 20784 | Lair:5   | Mangled by a polar bear

Illustrated notes

Levels and vault maps discovered:
D:1:      amcnicky_arrival_abandoned_market, layout_basic, kennysheep_crisscross
D:2:      layout_loops_corners
D:3:      layout_loops_ring, old_standard_altar
D:4:      layout_gridville, minmay_statues_item
D:5:      layout_loops_corners, minmay_temple_entry_mist,
          kennysheep_generic_room_14
D:6:      layout_loops_ring, nicolae_shop_firing_range
D:7:      layout_loops_cross
D:8:      layout_basic, tgw_sif, gammafunk_temple_overflow_wave, enter_bailey_3
D:9:      layout_roguey, chequers_temple_overflow_minitemple,
          mainiacjoe_overflow_surrounded_room, lair_entry_dummy,
          minmay_orc_entry_guard_dogs, serial_shops, shop, shop,
          nicolae_inconvenience_store, nicolae_shop_bloodbath_and_beyond,
          serial_rivers, chequers_serial_rivers_large_a,
          chequers_serial_rivers_micro_d, chequers_serial_rivers_micro_a,
          chequers_serial_rivers_micro_d, chequers_serial_rivers_small_3,
          hellmonk_guarded_unrand_vines
D:10:     layout_loops_ring, chequers_serial_rivers_room_a, nicolae_diode_basic
D:11:     layout_roguey, serial_shops, shop_statue
Temple:   nicolae_temple_godzebo
Lair:1:   layout_regular_city, grunt_megastairs_1, lemuel_fruit_fields
Lair:2:   layout_layer_cave, infiniplex_staircase_pool_2, grunt_megastairs_3
Lair:3:   layout_regular_city, skrybe_swamp_entry_bodies,
          guppyfry_snake_entry_island, serial_bayou_shore_a
Lair:4:   layout_gridlike
Lair:5:   hangedman_lair_caniforms_friends, layout_gridlike, slime_entry_2

Skill      XL: |  1  2  3  4  5  6  7  8  9 10 11 12 13 14 |
---------------+-------------------------------------------+-----
Axes           | 3 |  3.0
Unarmed Combat | 1 3 4 5 7 9 11 13 14 15 | 15.0
Armour         | 1 2 3 4 5 |  5.0
Fighting       | 4 5 6 8 9 11 12 | 12.0
Shields        | 4 |  4.0
Transmutations | 6 7 |  7.8
Evocations     | 6 |  6.0
Necromancy     | 1 3 |  3.6
Air Magic      | 1 3 |  3.1
Translocations | 2 |  2.7
Spellcasting   | |  1.0
Fire Magic     | |  2.6

Action                     |  1- 3 |  4- 6 |  7- 9 | 10-12 | 13-15 || total
---------------------------+-------+-------+-------+-------+-------++-------
  Melee: Hand axe          |   151 |    14 |       |       |       ||   165
         Punch             |     1 |     4 |    14 |     4 |       ||    23
         Unarmed           |       |   163 |   382 |   463 |   390 ||  1398
  Throw: Dart              |    13 |     5 |    14 |     3 |       ||    35
         Boomerang         |       |       |    19 |     1 |     4 ||    24
         Throwing net      |       |       |     4 |       |       ||     4
 Invoke: Fiery Armour      |       |     3 |     2 |       |       ||     5
  Evoke: Wand              |       |       |     6 |       |    18 ||    24
         Lightning rod     |       |       |       |     5 |     8 ||    13
    Use: Scroll            |     7 |     5 |     2 |     9 |     4 ||    27
         Potion            |       |     1 |     2 |     4 |     3 ||    10
   Stab: Sleeping          |     1 |       |       |       |       ||     1
         Invisible         |       |       |     1 |     3 |       ||     4
         Held in net/web   |       |       |     1 |       |       ||     1
         Petrified         |       |       |       |     4 |       ||     4
 Armour: Robe              |    15 |       |       |       |       ||    15
         Scale mail        |    25 |       |       |       |       ||    25
         Chain mail        |    16 |    92 |   105 |       |       ||   213
         Acid dragon scale |       |       |    79 |   139 |   239 ||   457
  Dodge: Dodged            |    69 |    52 |   169 |   126 |   213 ||   629
  Block: Buckler           |       |       |       |   175 |   231 ||   406
         Other             |       |       |       |     6 |       ||     6
         Reflection        |       |       |       |     5 |     1 ||     6

Table legend: (Time is in decaauts)
 A = Elapsed time spent in this place.
 B = Non-inter-level travel time spent in this place.
 C = Inter-level travel time spent in this place.
 D = Time resting spent in this place.
 E = Time spent auto-exploring this place.
 F = Levels seen in this place.
 G = Mean time per level.
                   A        B        C        D        E       F      G
               +--------+--------+--------+--------+--------+-----+--------+
         Total |  20642 |  19791 |    851 |   1027 |  15453 |  17 | 1214.2 |
       Dungeon |  13568 |  12880 |    688 |    791 |   9979 |  11 | 1233.5 |
        Temple |      1 |      1 |      0 |      0 |      0 |   1 |    1.0 |
          Lair |   7071 |   6908 |    163 |    236 |   5473 |   5 | 1414.2 |
               +--------+--------+--------+--------+--------+-----+--------+

Top non-repeatable levels by time:
     D:8: 2004 daAuts
     D:9: 1981 daAuts
  Lair:2: 1758 daAuts
  Lair:3: 1690 daAuts
  Lair:5: 1528 daAuts
    D:11: 1370 daAuts
  Lair:4: 1352 daAuts
     D:5: 1348 daAuts
     D:7: 1194 daAuts
     D:4: 1114 daAuts
    D:10: 1085 daAuts
     D:6: 971 daAuts
     D:2: 871 daAuts
     D:3: 840 daAuts
     D:1: 786 daAuts
